[Event "Titled Tuesday Blitz February 22 Late 2022"]
[White "Bryakin, Mikhail"]
[Black "Moroni, Luca Jr"]
[WhiteFideId "4165314"]
[BlackFideId "865834"]
[WhiteElo "2421"]
[BlackElo "2573"]
[Result "1/2-1/2"]
[Round "04"]
[TimeControl "180+1"]
[Date "2022.02.22"]
[WhiteClock "0:00:05"]
[BlackClock "0:00:08"]

1. e4 d6 2. Nf3 e5 3. Nc3 Nf6 4. d4 exd4 5. Nxd4 Be7 6. Be2 O-O 7. O-O Re8 8. Re1 c6 9. Bf1 a5 10. a4 Na6 11. f3 Bf8 12. Be3 Nc5 13. Qd2 Qb6 14. b3 Bd7 15. Rad1 Rad8 16. Bf2 Bc8 17. g3 Qb4 18. Na2 Qb6 19. Nc3 g6 20. Bg2 Bg7 21. h3 Qb4 22. Na2 Qb6 23. Nc3 Qc7 24. f4 Ne6 25. Nxe6 Bxe6 26. Ne2 Bc8 27. Nc3 Nh5 28. Kh2 Nf6 29. Re2 Nd7 30. Bd4 Bxd4 31. Qxd4 Nc5 32. Rde1 Ne6 33. Qf2 Nf8 34. Qd4 Ne6 35. Qf6 Qe7 36. Qxe7 Rxe7 37. Rd2 Nc5 38. Red1 Red7 39. h4 Kf8 40. Bh3 Re7 41. Bg2 Red7 42. Bh3 Re7 43. Bxc8 Rxc8 44. Rxd6 Nxe4 45. Rd8+ Rxd8 46. Rxd8+ Kg7 47. Nxe4 Rxe4 48. Rd7 b5 49. axb5 cxb5 50. Rb7 b4 51. Rc7 Re2+ 52. Kh3 Re1 53. Rc5 Ra1 54. h5 Ra2 55. hxg6 hxg6 56. Kg4 Kf6 57. Kf3 Ke6 58. Ke4 Ra3 59. g4 a4 60. bxa4 Rxa4 61. Rc4 Kd6 62. f5 gxf5+ 63. Kxf5 Kd5 64. Rc8 Ra6 65. g5 Kd4 66. Rc7 Ra5+ 67. Kf6 Ke3 68. Rxf7 Ra6+ 69. Kf5 Kd2 70. Rc7 Ra5+ 71. Kg4 Ra4 72. Kh5 Ra3 73. g6 Rh3+ 74. Kg5 Rg3+ 75. Kf6 Rf3+ 76. Ke7 Re3+ 77. Kf7 Rf3+ 78. Kg8 Rg3 79. g7 Rg4 80. Kf8 Rf4+ 81. Ke8 Re4+ 82. Kd8 Rg4 83. Ke8 Rxg7 84. Rxg7 Kxc2 85. Rc7+ Kd3 86. Rb7 Kc3 87. Rc7+ Kd3 88. Rb7 Kc3 89. Kd7 b3 90. Kc6 b2 91. Kc5 Kc2 92. Kc4 b1=Q 93. Rxb1 Kxb1 1/2-1/2


[Site "https://www.chess.com"]

[Event "Titled Tuesday Blitz February 22 Late 2022"]
[White "Carlsson, Ludvig"]
[Black "Sorokin, Aleksey"]
[WhiteFideId "1727010"]
[BlackFideId "24176460"]
[WhiteElo "2178"]
[BlackElo "2476"]
[Result "0-1"]
[Round "04"]
[TimeControl "180+1"]
[Date "2022.02.22"]
[WhiteClock "0:00:54"]
[BlackClock "0:00:31"]

1. Nf3 Nf6 2. c4 c5 3. g3 d5 4. cxd5 Nxd5 5. Bg2 Nc6 6. d4 cxd4 7. Nxd4 Ndb4 8. Nxc6 Qxd1+ 9. Kxd1 Nxc6 10. Nc3 Bf5 11. f4 e5 12. Be3 Bb4 13. Rc1 O-O 14. Ke1 exf4 15. gxf4 Rfe8 16. Kf2 h5 17. Nb5 Re7 18. Nd4 Nxd4 19. Bxd4 Bd2 20. Rc4 Bxf4 21. Bc5 Rc7 22. Rxf4 Rxc5 23. Rd1 Re8 24. Rd5 Rxd5 25. Bxd5 Be6 26. Bxe6 Rxe6 27. Rc4 g6 28. Kf3 a6 29. e4 Kg7 30. Rc7 b5 31. b4 g5 32. h3 Kg6 33. Ra7 f5 34. exf5+ Kxf5 35. Rf7+ Ke5 36. Rh7 Rf6+ 37. Kg3 h4+ 38. Kg4 Rf4+ 39. Kxg5 Rxb4 40. Rxh4 Rxh4 41. Kxh4 Kf4 42. Kh5 Kf5 43. Kh4 b4 44. Kg3 a5 45. Kf3 a4 46. Ke3 b3 47. axb3 a3 0-1


[Site "https://www.chess.com"]

[Event "Titled Tuesday Blitz February 22 Late 2022"]
[White "Chabris, Christopher"]
[Black "Calcada, Lucas Galvan"]
[WhiteFideId "2005263"]
[BlackFideId "22746099"]
[WhiteElo "2315"]
[BlackElo "1402"]
[Result "1-0"]
[Round "04"]
[TimeControl "180+1"]
[Date "2022.02.23"]
[WhiteClock "0:00:10"]
[BlackClock "0:00:47"]

1. e4 c5 2. Nf3 d6 3. Bb5+ Nd7 4. d4 cxd4 5. Qxd4 a6 6. Bxd7+ Bxd7 7. c4 e6 8. Bg5 Qc7 9. Nc3 Ne7 10. O-O Nc6 11. Qd2 Rc8 12. Rac1 Qb8 13. Rfd1 h6 14. Bf4 e5 15. Bxe5 Be6 16. Bxd6 Bxd6 17. Qxd6 Qxd6 18. Rxd6 Bxc4 19. b3 Be6 20. Nd5 O-O 21. Nf4 Bg4 22. Ne1 Rfd8 23. Rxd8+ Rxd8 24. f3 Bc8 25. Nd5 Be6 26. Nf4 Bc8 27. Ned3 g5 28. Nd5 Be6 29. Nc5 Bxd5 30. exd5 Rxd5 31. Nxb7 Nb4 32. a3 Nd3 33. Rd1 Rd7 34. Na5 Kf8 35. Nc4 Ke8 36. Kf1 Kd8 37. Rd2 Nc5 38. b4 Rxd2 39. Nxd2 Ne6 40. Ke2 Nd4+ 41. Kd3 Nb5 42. Nc4 Nd6 43. Nxd6 Kd7 44. Ne4 1-0


[Site "https://www.chess.com"]

[Event "Titled Tuesday Blitz February 22 Late 2022"]
[White "Chernomordik, Pavel"]
[Black "Hasangatin, Ramil"]
[WhiteFideId "2804530"]
[BlackFideId "4122160"]
[WhiteElo "2249"]
[BlackElo "2375"]
[Result "0-1"]
[Round "04"]
[TimeControl "180+1"]
[Date "2022.02.23"]
[WhiteClock "0:01:20"]
[BlackClock "0:01:39"]

1. e4 d5 2. exd5 Qxd5 3. Nc3 Qd6 4. Bc4 Nf6 5. Nf3 c6 6. Qe2 Nbd7 7. O-O Nb6 8. Bb3 Nbd5 9. d4 Bg4 10. h3 Bh5 11. Ne4 Nxe4 12. Qxe4 e6 13. Ne5 Be7 14. c4 Nf6 15. Qd3 Rd8 16. Rd1 Bxd1 17. Qxd1 Qxd4 18. Qxd4 Rxd4 19. Be3 Rd8 20. Bxa7 Nd7 21. Nxd7 Rxd7 22. Bb6 O-O 23. Kf1 Bf6 24. Rb1 Rd2 25. Bc5 Rfd8 0-1


[Site "https://www.chess.com"]

[Event "Titled Tuesday Blitz February 22 Late 2022"]
[White "Clawitter, Craig"]
[Black "Salimova, Nurgyul"]
[WhiteFideId "2023105"]
[BlackFideId "2915138"]
[WhiteElo "2217"]
[BlackElo "2185"]
[Result "0-1"]
[Round "04"]
[TimeControl "180+1"]
[Date "2022.02.23"]
[WhiteClock "0:00:05"]
[BlackClock "0:00:22"]

1. e4 c6 2. Nf3 d5 3. e5 Bg4 4. d4 e6 5. c3 Ne7 6. Be3 Nf5 7. Bd3 Qb6 8. Nbd2 Nd7 9. O-O Nxe3 10. fxe3 Nxe5 11. Be2 Nxf3+ 12. Bxf3 Bxf3 13. Qxf3 f5 14. e4 dxe4 15. Nxe4 Be7 16. Rae1 O-O 17. Nf2 Qxb2 18. Rxe6 Bf6 19. Re2 Qb5 20. Rfe1 Qd5 21. Qh3 c5 22. Nd3 cxd4 23. Nf4 Qd7 24. Ne6 Rfe8 25. Qxf5 dxc3 26. Re3 Bd4 27. Nxd4 Qxd4 28. Qf2 Rxe3 29. Rxe3 Rf8 30. Rf3 Qxf2+ 31. Rxf2 Rxf2 32. Kxf2 c2 0-1


[Site "https://www.chess.com"]

[Event "Titled Tuesday Blitz February 22 Late 2022"]
[White "Colas, Joshua"]
[Black "Chyngyz, Sultai"]
[WhiteFideId "2044447"]
[BlackFideId "13803158"]
[WhiteElo "2347"]
[BlackElo "1339"]
[Result "1-0"]
[Round "04"]
[TimeControl "180+1"]
[Date "2022.02.23"]
[WhiteClock "0:01:08"]
[BlackClock "0:00:22"]

1. Nf3 Nf6 2. c4 g6 3. b3 Bg7 4. Bb2 O-O 5. g3 d6 6. d4 Nc6 7. Bg2 Bg4 8. O-O Qd7 9. Re1 Bh3 10. Bh1 h6 11. Nc3 e5 12. dxe5 dxe5 13. Qxd7 Bxd7 14. Nd5 Nxd5 15. cxd5 Nb4 16. Rac1 Nxd5 17. Nxe5 Be6 18. Bxd5 Bxd5 19. Rxc7 Rfe8 20. Nd3 Bxb2 21. Nxb2 Rac8 22. Rxc8 Rxc8 23. Nd3 Be4 24. Rc1 Rd8 25. Rc3 Kg7 26. f3 Bc6 27. Kf2 Re8 28. e4 Rd8 29. Ke3 Kf6 30. a4 Re8 31. Nb4 Bd7 32. Nd5+ Kg7 33. Rc7 Be6 34. Kd4 Rb8 35. b4 b5 36. a5 a6 37. Rc6 Bc8 38. Rb6 Ra8 39. Ne7 Bh3 40. Nc6 Bg2 41. f4 Re8 42. e5 Rc8 43. Kc5 Ra8 44. Nb8 Bf1 45. Nxa6 Rc8+ 46. Rc6 Rd8 47. Nc7 Rd1 48. a6 Rc1+ 49. Kb6 Ra1 50. a7 Bg2 51. Nxb5 Bxc6 52. Kxc6 Kf8 53. Kb7 Ke7 54. a8=Q Rxa8 55. Kxa8 Kd7 56. Nd6 Kc6 57. Nxf7 Kb5 58. Nxh6 Kxb4 59. e6 Kc5 60. e7 Kd6 61. e8=Q Kd5 62. Qe5+ Kc4 63. Nf7 Kd3 64. h4 g5 65. g4 gxf4 66. h5 f3 67. h6 f2 68. Qf4 f1=Q 69. Qxf1+ Kd4 70. h7 Ke4 71. h8=Q Ke3 72. Qe5+ Kd2 73. Qfe2+ Kc1 74. Qc3+ Kb1 75. Qeb2# 1-0


[Site "https://www.chess.com"]

[Event "Titled Tuesday Blitz February 22 Late 2022"]
[White "Cunha, Lucas Aguiar"]
[Black "Guliyev, Namig"]
[WhiteFideId "2125404"]
[BlackFideId "13400363"]
[WhiteElo "2361"]
[BlackElo "2487"]
[Result "0-1"]
[Round "04"]
[TimeControl "180+1"]
[Date "2022.02.23"]
[WhiteClock "0:00:13"]
[BlackClock "0:00:19"]

1. e4 c5 2. Nf3 d6 3. d4 cxd4 4. Qxd4 Nc6 5. Bb5 Qa5+ 6. Nc3 Qxb5 7. Nxb5 Nxd4 8. Nfxd4 Kd8 9. Be3 a6 10. Nc3 e6 11. O-O-O Kc7 12. h3 Nf6 13. g4 b5 14. f3 Bb7 15. Rd2 Be7 16. Rhd1 Rhd8 17. Nb3 Rac8 18. a4 Bc6 19. a5 Nd7 20. g5 Ne5 21. Bb6+ Kb8 22. Bxd8 Rxd8 23. f4 Nc4 24. Rf2 Rc8 25. Re1 g6 26. h4 h6 27. Rh2 Rh8 28. Ree2 Kc8 29. Nd4 Bb7 30. b4 Kd7 31. Ref2 Rc8 32. f5 Ne3 33. f6 Bf8 34. Rf3 Rxc3 35. Kd2 Rc4 36. Kxe3 e5 37. Rd2 exd4+ 38. Rxd4 Rxc2 39. Kf4 hxg5+ 40. hxg5 d5 41. exd5 Bd6+ 42. Ke3 Rb2 43. Kd3 Rxb4 44. Rxb4 Bxb4 45. Ke4 Bxa5 46. Rh3 b4 47. Rh7 Kd6 48. Kd4 Bxd5 49. Rh8 Bb6+ 50. Kd3 a5 51. Rb8 Kc5 52. Rc8+ Kd6 53. Rb8 Kc7 54. Re8 a4 55. Re5 Kc6 56. Re7 a3 57. Re8 a2 58. Ra8 b3 59. Kc3 Kb5 60. Rb8 a1=Q+ 0-1


[Site "https://www.chess.com"]

[Event "Titled Tuesday Blitz February 22 Late 2022"]
[White "Curtis, John"]
[Black "Abdyzhapar, Asylbek"]
[WhiteFideId "3200256"]
[BlackFideId "13800337"]
[WhiteElo "2203"]
[BlackElo "2331"]
[Result "0-1"]
[Round "04"]
[TimeControl "180+1"]
[Date "2022.02.23"]
[WhiteClock "0:00:01"]
[BlackClock "0:01:51"]

1. e4 e5 2. Nf3 Nc6 3. Bb5 f5 4. d4 fxe4 5. Bxc6 bxc6 6. Nxe5 Nf6 7. Bg5 Be7 8. Nc3 O-O 9. O-O Rb8 10. Rb1 Rb6 11. b3 d6 12. Nc4 Ra6 13. Re1 d5 14. Ne5 Be6 15. f3 c5 16. fxe4 cxd4 17. Bxf6 Bxf6 18. exd5 dxc3 19. dxe6 Rxe6 20. Qxd8 Rxd8 21. Nd3 Ra6 22. a4 Rad6 23. Rbd1 Bg5 24. Kf1 a5 25. Nf2 Bd2 26. Re4 Rf8 27. Ke2 Rg6 28. g3 Rh6 29. h4 Rg6 30. Ng4 h5 31. Ne5 Rxg3 32. Nd7 Rf5 33. Re8+ Kh7 34. Nf8+ Kh6 35. Re6+ g6 0-1


[Site "https://www.chess.com"]

[Event "Titled Tuesday Blitz February 22 Late 2022"]
[White "Dauner, Benedikt"]
[Black "Qashashvili, Alexandre"]
[WhiteFideId "16225899"]
[BlackFideId "13600842"]
[WhiteElo "2230"]
[BlackElo "2316"]
[Result "1-0"]
[Round "04"]
[TimeControl "180+1"]
[Date "2022.02.23"]
[WhiteClock "0:00:15"]
[BlackClock "0:00:03"]

1. e4 c6 2. d4 d5 3. e5 Bf5 4. h4 h5 5. Nd2 e6 6. Nb3 Nd7 7. Bd3 Bxd3 8. cxd3 Bb4+ 9. Kf1 c5 10. a3 c4 11. axb4 cxb3 12. Qxb3 Ne7 13. Bg5 Qb6 14. Bxe7 Kxe7 15. Ne2 Rhc8 16. Qa3 Kf8 17. Rh3 g6 18. Rf3 Kg8 19. g3 a6 20. Kg2 Rc2 21. Re1 Rac8 22. b5 Nf8 23. Qe7 Qd8 24. Qxb7 R8c7 25. Qxa6 Rxb2 26. Nf4 Rcc2 27. Nh3 Qc8 28. Qa7 Rc7 29. Qa3 Rxb5 30. Ng5 Qb7 31. Ra1 Kg7 32. Qd6 Nh7 33. Qd8 Nxg5 34. hxg5 Rc8 35. Qf6+ Kg8 36. g4 hxg4 37. Rh1 gxf3+ 38. Kg3 Kf8 39. Rh8# 1-0


[Site "https://www.chess.com"]

[Event "Titled Tuesday Blitz February 22 Late 2022"]
[White "De Souza, Cristiano Gomes"]
[Black "Pesotskiy, Mikhail"]
[WhiteFideId "2151758"]
[BlackFideId "34164453"]
[WhiteElo "2068"]
[BlackElo "2010"]
[Result "1/2-1/2"]
[Round "04"]
[TimeControl "180+1"]
[Date "2022.02.23"]
[WhiteClock "0:00:58"]
[BlackClock "0:00:17"]

1. d4 Nf6 2. c4 e6 3. Nf3 Bb4+ 4. Bd2 a5 5. a3 Bxd2+ 6. Nbxd2 O-O 7. e4 d6 8. b4 Nbd7 9. Bd3 e5 10. d5 Nh5 11. O-O Nf4 12. Qc2 b6 13. g3 Nxd3 14. Qxd3 Nf6 15. Rfc1 Ba6 16. Qe3 Nd7 17. Nb3 axb4 18. axb4 Qf6 19. Nfd2 Bb7 20. c5 bxc5 21. bxc5 Rxa1 22. Rxa1 dxc5 23. Nxc5 Bc8 24. Ra8 h6 25. Nc4 Nxc5 26. Qxc5 Qf3 27. Qxc7 Qxe4 28. Rxc8 Qe1+ 29. Kg2 Qe4+ 30. Kf1 Qb1+ 31. Ke2 Qc2+ 32. Nd2 Rxc8 33. Qxc2 Rxc2 34. Kd3 Rc8 35. Nc4 f6 36. Ne3 Kf7 37. Nf5 Rc5 38. Ke4 g6 39. Ne3 Ke7 40. f4 exf4 41. gxf4 Kd6 42. Kd4 f5 43. Nc4+ Rxc4+ 44. Kxc4 g5 45. fxg5 hxg5 46. Kd4 g4 47. Kc4 f4 48. Kd4 f3 49. Ke3 Kxd5 50. h3 gxh3 51. Kxf3 Kd4 52. Kg3 Ke3 53. Kxh3 1/2-1/2


[Site "https://www.chess.com"]

[Event "Titled Tuesday Blitz February 22 Late 2022"]
[White "Desideri, Ricardo Maruchi"]
[Black "Awoki, Daniel Teidi"]
[WhiteFideId "2110440"]
[BlackFideId "2100827"]
[WhiteElo "1945"]
[BlackElo "2023"]
[Result "1-0"]
[Round "04"]
[TimeControl "180+1"]
[Date "2022.02.23"]
[WhiteClock "0:00:06"]
[BlackClock "0:00:02"]

1. e4 c5 2. Nf3 g6 3. d4 cxd4 4. Nxd4 Nc6 5. Nc3 Bg7 6. Be3 Nf6 7. Bc4 Qa5 8. Qd2 Qb4 9. Bb3 Nxe4 10. Nxc6 bxc6 11. Nxe4 Qxe4 12. O-O O-O 13. c3 d6 14. Bc2 Qh4 15. Bg5 Qh5 16. Bxe7 Be5 17. g3 Re8 18. Bh4 Bh3 19. Rfe1 d5 20. Bd1 Qf5 21. f4 Bc7 22. Bf3 Bb6+ 23. Kh1 Bg4 24. Bg2 h5 25. a4 a5 26. Rxe8+ Rxe8 27. Re1 Re6 28. b4 Kg7 29. b5 cxb5 30. axb5 Rxe1+ 31. Qxe1 a4 32. Qe5+ Qxe5 33. fxe5 Be6 34. Bg5 1-0


[Site "https://www.chess.com"]

[Event "Titled Tuesday Blitz February 22 Late 2022"]
[White "Djokic, Mihailo"]
[Black "Cardoso Cardoso, Jose Gabriel"]
[WhiteFideId "976440"]
[BlackFideId "4430492"]
[WhiteElo "2008"]
[BlackElo "2451"]
[Result "1/2-1/2"]
[Round "04"]
[TimeControl "180+1"]
[Date "2022.02.23"]
[WhiteClock "0:00:03"]
[BlackClock "0:00:03"]

1. e4 g6 2. d4 Bg7 3. Nc3 d6 4. Be3 a6 5. Qd2 b5 6. Nf3 Nd7 7. a4 b4 8. Ne2 c5 9. c3 Ngf6 10. Ng3 bxc3 11. bxc3 Ng4 12. Bf4 cxd4 13. cxd4 e5 14. Bg5 f6 15. h3 Nxf2 16. Kxf2 fxg5 17. Bc4 exd4 18. Bd5 Rb8 19. Rab1 Rxb1 20. Rxb1 Ne5 21. Nxd4 Qf6+ 22. Kg1 Nc4 23. Bxc4 Qxd4+ 24. Qxd4 Bxd4+ 25. Kh1 Be5 26. Nf1 Kd7 27. Ne3 Kc6 28. Bd5+ Kc5 29. Nc4 Bd7 30. Rc1 Kd4 31. Rd1+ Kc3 32. a5 Bb5 33. Rc1+ Kd3 34. Nxe5+ dxe5 35. Rc7 Kd4 36. Kh2 Bd3 37. Bb7 Bxe4 38. Bxa6 Ra8 39. Rc4+ Kd5 40. Rxe4 Rxa6 41. Ra4 Kc5 42. Re4 Re6 43. a6 Kb6 44. Ra4 Ka7 45. Ra5 e4 46. Kg1 e3 47. Kf1 h6 48. Ra3 e2+ 49. Ke1 Rxa6 50. Rf3 Kb7 51. Rf7+ Kc6 52. Kxe2 Kd5 53. Kf3 Ke5 54. Re7+ Re6 55. Rh7 h5 56. Ra7 Rd6 57. Ke3 Rb6 58. Ra5+ Kf6 59. Kf2 h4 60. Kf3 Rb4 61. Rc5 Rf4+ 62. Ke3 Rf5 63. Rc6+ Kg7 64. Rc7+ Kh6 65. Rc8 Rf7 66. Rh8+ Kg7 67. Rb8 Kh6 68. Rh8+ Kg7 69. Rb8 Rf1 70. Rb5 Kh6 71. Rb8 g4 72. Rb4 Re1+ 73. Kf2 Rc1 74. Rxg4 Kh5 75. Rd4 Rc2+ 76. Kf3 g5 77. Rd8 Rc3+ 78. Kf2 Kg6 79. Rg8+ Kf6 80. Ra8 Kf5 81. Ra4 Rc2+ 82. Kf3 Rc3+ 83. Kf2 Rb3 84. Ra5+ Kf4 85. Ra4+ Kf5 86. Rg4 Rb2+ 87. Kf3 Rb3+ 88. Kf2 Ra3 89. Rc4 Rg3 90. Rc5+ Ke4 91. Rc8 Rb3 92. Re8+ Kf4 93. Rf8+ Ke5 94. Rg8 Kf4 95. Rf8+ Ke5 96. Kg1 Rb2 97. Rf3 Rb1+ 98. Kf2 Rb2+ 99. Kf1 Rc2 100. Ra3 Kf4 101. Kg1 Ke4 102. Kf1 Rb2 103. Ra5 Ke3 104. Re5+ Kf4 105. Ra5 Rc2 106. Ra3 Rb2 107. Rf3+ Ke4 108. Kg1 Rb1+ 109. Kf2 Rb2+ 110. Kg1 Ke5 111. Re3+ Kd4 112. Ra3 Ke4 113. Kf1 Rb1+ 114. Kf2 Rb2+ 115. Kf1 g4 116. Ra4+ Ke3 117. Ra3+ Kf4 118. Ra4+ Ke3 119. Ra3+ Kf4 120. Ra4+ Ke3 1/2-1/2


[Site "https://www.chess.com"]

[Event "Titled Tuesday Blitz February 22 Late 2022"]
[White "Domingo Nunez, Alejandro"]
[Black "Buchenau, Frank"]
[WhiteFideId "22245561"]
[BlackFideId "4604350"]
[WhiteElo "2215"]
[BlackElo "2193"]
[Result "0-1"]
[Round "04"]
[TimeControl "180+1"]
[Date "2022.02.23"]
[WhiteClock "0:00:01"]
[BlackClock "0:00:54"]

1. d4 e6 2. g3 Nf6 3. Bg2 c5 4. dxc5 Bxc5 5. Nf3 d5 6. O-O O-O 7. c4 d4 8. a3 a5 9. Nbd2 Nc6 10. Ne1 e5 11. Nd3 Be7 12. Bxc6 bxc6 13. Nxe5 c5 14. Nc6 Qd6 15. Nxe7+ Qxe7 16. Re1 Bb7 17. Qb3 Rfe8 18. e4 dxe3 19. Rxe3 Qd7 20. Qb5 Rxe3 21. fxe3 Qc7 22. b4 axb4 23. Bb2 Ra5 24. Be5 Qxe5 25. Qxa5 Qxa1+ 26. Kf2 Ng4+ 27. Ke2 h5 28. Qb5 Bh1 29. axb4 Qe5 30. Nf1 Qf5 31. Qb8+ Kh7 32. Nd2 Qf2+ 33. Kd3 Qxe3+ 34. Kc2 Be4+ 35. Kc1 Qc3+ 36. Kd1 Nf2+ 37. Ke2 Qf6 38. Qd8 Bd3+ 0-1


[Site "https://www.chess.com"]

[Event "Titled Tuesday Blitz February 22 Late 2022"]
[White "Dounis, Alexandros"]
[Black "Wu, Christopher"]
[WhiteFideId "4213238"]
[BlackFideId "2040875"]
[WhiteElo "2195"]
[BlackElo "2635"]
[Result "0-1"]
[Round "04"]
[TimeControl "180+1"]
[Date "2022.02.23"]
[WhiteClock "0:00:07"]
[BlackClock "0:00:20"]

1. Nf3 c5 2. e4 d5 3. exd5 Qxd5 4. Nc3 Qd8 5. Bc4 Nc6 6. d3 Nf6 7. Ng5 e6 8. O-O Be7 9. Re1 O-O 10. Nge4 a6 11. a3 b5 12. Ba2 Bb7 13. Be3 Nd4 14. Nxf6+ Bxf6 15. Ne4 Rc8 16. c3 Nf5 17. Bxc5 Re8 18. Be3 Be5 19. Ng3 Nh4 20. f3 Qf6 21. Bf2 Bb8 22. Ne4 Qh6 23. Qd2 Bxh2+ 24. Kf1 Bf4 25. Be3 Ng6 26. Nf2 Red8 27. d4 Qh4 28. Nh3 Bg3 29. Bf2 Bxf3 30. Qg5 Bxf2 31. Qxh4 Bxh4 32. gxf3 Bxe1 33. Rxe1 h6 34. Re4 Kf8 35. Nf2 Ne7 36. Nd3 Nf5 37. Nc5 Rc6 38. Ke2 Nd6 39. Re5 Nc4 40. Bxc4 bxc4 41. Kd2 Rd5 42. Rxd5 exd5 43. Ke3 g5 44. Na4 h5 45. f4 f6 46. Kf2 h4 47. Kg2 g4 48. b4 cxb3 49. Nb2 Rxc3 50. Nd1 Rc2+ 51. Kf1 Rc1 52. Ke2 Rxd1 53. f5 h3 54. Kxd1 h2 55. Kd2 h1=Q 56. Kc3 Qb1 57. Kb4 Qc2 58. Ka4 Qc4+ 59. Ka5 Qb5# 0-1


[Site "https://www.chess.com"]

[Event "Titled Tuesday Blitz February 22 Late 2022"]
[White "Dreev, Aleksey"]
[Black "Barp, Alberto"]
[WhiteFideId "4100107"]
[BlackFideId "872555"]
[WhiteElo "2636"]
[BlackElo "2229"]
[Result "1-0"]
[Round "04"]
[TimeControl "180+1"]
[Date "2022.02.22"]
[WhiteClock "0:00:10"]
[BlackClock "0:00:01"]

1. d4 d5 2. c4 e6 3. Nc3 Bb4 4. Bf4 c5 5. cxd5 exd5 6. e3 c4 7. Bxb8 Bxc3+ 8. bxc3 Rxb8 9. Qa4+ Bd7 10. Qxa7 Nf6 11. Qa3 b5 12. Nf3 Ra8 13. Qb2 O-O 14. Be2 Ra5 15. O-O Qe7 16. Ne5 Rfa8 17. Bf3 Be8 18. h3 Qa7 19. Ng4 Ne4 20. Bxe4 dxe4 21. Qc2 Bc6 22. Ne5 Bd5 23. Qb1 Qb7 24. f3 exf3 25. gxf3 Qc8 26. Kh2 R8a6 27. Rf2 Rh6 28. Qf1 Ra3 29. Ng4 Re6 30. e4 Ba8 31. Rc1 f5 32. exf5 Rea6 33. Rcc2 Qxf5 34. Rce2 Re6 35. Qe1 Raa6 36. Ne5 Qf4+ 37. Kh1 Bd5 38. Qg1 Qf5 39. Qg4 Qf8 40. Rg2 h6 41. Kh2 Ra7 42. Ng6 Qf6 43. Ne5 Qf8 44. Rg3 Qd6 45. Reg2 Ree7 46. Qh4 Qe6 47. Ng4 Kh8 48. Ne5 Re8 49. Qf4 Ree7 50. Rg6 Qg8 51. Qh4 Re6 52. R2g3 Rxg6 53. Nxg6+ Kh7 54. Rg2 Qf7 55. Ne5 Qf6 56. Qxf6 gxf6 57. Ng4 Rf7 58. Rf2 h5 59. Ne3 Bb7 60. Kg3 Kg6 61. Kf4 Rd7 62. Rg2+ Kf7 63. Nf5 Kf8 64. a3 Bc6 65. Ne3 Ra7 66. d5 Be8 67. Ke4 1-0


[Site "https://www.chess.com"]

[Event "Titled Tuesday Blitz February 22 Late 2022"]
[White "Elissalt Cardenas, Hector"]
[Black "Guz, Ari"]
[WhiteFideId "3500632"]
[BlackFideId "2825759"]
[WhiteElo "2159"]
[BlackElo "1913"]
[Result "0-1"]
[Round "04"]
[TimeControl "180+1"]
[Date "2022.02.23"]
[WhiteClock "0:00:16"]
[BlackClock "0:02:08"]

1. d4 e6 2. c4 b6 3. e4 Bb7 4. Bd3 e5 5. d5 a5 6. Nf3 Bb4+ 7. Nbd2 d6 8. a3 Bxd2+ 9. Bxd2 a4 10. Bc2 Qd7 11. O-O Ne7 12. Ne1 O-O 13. Nd3 b5 14. c5 c6 15. cxd6 Qxd6 16. Bb4 Qf6 17. Nc5 Ba6 18. d6 Ng6 19. Qf3 Qxf3 20. gxf3 Bc8 21. Rfd1 Bd7 22. Nxd7 Nxd7 23. Bd2 Rfc8 24. Be3 Ngf8 25. f4 exf4 26. Bxf4 Ne6 27. Be3 Ne5 28. Kg2 Nc4 29. Bc1 Rd8 30. b3 axb3 31. Bxb3 Nxd6 32. Bxe6 fxe6 33. f3 Nc4 34. a4 Rxd1 0-1


[Site "https://www.chess.com"]

[Event "Titled Tuesday Blitz February 22 Late 2022"]
[White "Erdogdu, Mert"]
[Black "Gupta, Abhijeet"]
[WhiteFideId "6301495"]
[BlackFideId "5010608"]
[WhiteElo "2485"]
[BlackElo "2549"]
[Result "1/2-1/2"]
[Round "04"]
[TimeControl "180+1"]
[Date "2022.02.22"]
[WhiteClock "0:00:09"]
[BlackClock "0:00:11"]

1. e4 c5 2. Nf3 d6 3. d4 cxd4 4. Nxd4 Nf6 5. Nc3 Nc6 6. Bg5 e6 7. Qd2 a6 8. O-O-O Bd7 9. f3 Be7 10. Be3 Nxd4 11. Bxd4 b5 12. Kb1 b4 13. Ne2 a5 14. g4 e5 15. Be3 Be6 16. g5 Nd7 17. f4 O-O 18. f5 Bc4 19. Ng3 Bxf1 20. Rhxf1 Kh8 21. h4 a4 22. f6 gxf6 23. Nf5 b3 24. cxb3 axb3 25. a3 Rc8 26. Nxe7 Qxe7 27. gxf6 Qe6 28. Bh6 Rg8 29. Bg7+ Rxg7 30. fxg7+ Kxg7 31. Rg1+ Kf8 32. Qxd6+ Qxd6 33. Rxd6 Ke7 34. Rd3 Rc4 35. Rxb3 Rxe4 36. Rd1 Nc5 37. Rb5 Ne6 38. h5 Nf4 39. Rb7+ Ke6 40. Rc1 Nxh5 41. Rc6+ Kd5 42. Rh6 Nf4 43. Rxf7 Re1+ 44. Ka2 Ne2 45. Kb3 Rc1 46. Rd7+ Ke4 47. Rhxh7 Nd4+ 48. Ka4 Rc8 49. b4 Ra8+ 50. Ra7 Rb8 51. Rhb7 Rh8 52. b5 Rh3 53. Rc7 Rh6 54. Ra6 Rh1 55. b6 Rb1 56. b7 Kd5 57. Ra8 Ne6 58. Rc2 Rxb7 59. Ra5+ Kd4 60. Rd2+ Kc3 61. Rd6 Nd4 62. Rc5+ Kb2 63. Rxe5 Nc2 64. Rd2 Ra7+ 65. Kb5 Rxa3 66. Ree2 Rb3+ 67. Kc5 Rc3+ 68. Kd5 Rc8 69. Ke4 Kc1 70. Kf4 Rf8+ 71. Kg5 Rg8+ 72. Kf6 Rf8+ 73. Kg7 Rc8 74. Rd7 Kb2 75. Rh2 Kc1 76. Rb7 Rc3 77. Rf7 Kb2 78. Rff2 Rc7+ 79. Kf6 Rc8 80. Ke7 Rc7+ 81. Kd6 Rc3 82. Kd5 Rc8 83. Rd2 Rd8+ 84. Kc4 Rc8+ 85. Kb5 Rb8+ 86. Kc6 Rc8+ 87. Kb7 Rc3 88. Rd6 Rb3+ 89. Rb6 Rxb6+ 90. Kxb6 Kc3 91. Kc5 Kd3 92. Rh3+ Kd2 93. Kc4 Ne3+ 94. Kb4 Kd3 95. Kc5 Ke4 96. Rh4+ Kd3 97. Rf4 Nc2 98. Kd5 Ne3+ 99. Ke5 Nc4+ 100. Kf5 Ne3+ 101. Ke5 Nc4+ 102. Ke6 Ne3 103. Ra4 Nc4 104. Ra1 Kd4 105. Rd1+ Ke4 106. Rc1 Kd4 107. Kd7 Ne5+ 108. Ke6 Nc4 109. Rh1 Ne3 110. Rh4+ Kd3 111. Ke5 Nc4+ 112. Kd5 Ne3+ 113. Kc5 Kc3 114. Rh3 Kd3 115. Rg3 Ke4 116. Rg8 Kd3 117. Rd8+ Ke4 118. Ra8 Kd3 119. Ra3+ Ke4 120. Rb3 Nf5 121. Kc4 Ne3+ 122. Kc5 Nf5 123. Rh3 Ne3 124. Kb4 Nd5+ 125. Kc5 Ne3 1/2-1/2


[Site "https://www.chess.com"]

[Event "Titled Tuesday Blitz February 22 Late 2022"]
[White "Escudero Donoso, Felipe"]
[Black "Noboa Silva, Kevin"]
[WhiteFideId "3410595"]
[BlackFideId "3618471"]
[WhiteElo "2184"]
[BlackElo "2161"]
[Result "0-1"]
[Round "04"]
[TimeControl "180+1"]
[Date "2022.02.23"]
[WhiteClock "0:00:01"]
[BlackClock "0:00:11"]

1. Nf3 c5 2. c4 Nf6 3. Nc3 b6 4. g3 Bb7 5. Bg2 e6 6. O-O a6 7. b3 d6 8. d4 cxd4 9. Qxd4 Nbd7 10. Bb2 Be7 11. Rfd1 O-O 12. e4 Qc7 13. Rac1 Rac8 14. h3 Rfe8 15. Ba3 Nc5 16. e5 dxe5 17. Qxe5 Qxe5 18. Nxe5 Bxg2 19. Kxg2 h5 20. Rd4 Red8 21. Rxd8+ Bxd8 22. Rd1 Be7 23. Na4 Nxa4 24. Bxe7 Nc3 25. Rd2 Nfe4 26. Rc2 Nd1 27. Kf3 Ndxf2 28. Rxf2 Nxf2 29. Kxf2 f6 30. Nd3 Kf7 31. Bb4 g5 32. Bd2 Kg6 33. Be3 Rb8 34. Nb4 a5 35. Nc6 Rb7 36. Nd8 Re7 37. Bxb6 Kf5 38. c5 Rd7 39. c6 Rd2+ 40. Ke3 Rxa2 41. c7 Rc2 42. Nb7 g4 43. c8=Q Rxc8 44. Nd6+ Ke5 45. Nxc8 gxh3 46. Kf3 Kd5 47. Bxa5 e5 48. b4 e4+ 49. Kf2 f5 50. b5 h4 51. gxh4 f4 52. Ne7+ Kc5 53. b6 e3+ 54. Kg1 Kb5 55. b7 Kxa5 56. b8=Q e2 57. Kf2 h2 58. Qe5+ Kb6 59. Nd5+ Kc6 60. Qxf4 e1=Q+ 61. Kxe1 h1=Q+ 62. Kf2 Qxd5 63. Qg5 Qa2+ 0-1


[Site "https://www.chess.com"]

[Event "Titled Tuesday Blitz February 22 Late 2022"]
[White "Ezat, Mohamed"]
[Black "Muradli, Mahammad"]
[WhiteFideId "10600906"]
[BlackFideId "13409301"]
[WhiteElo "2386"]
[BlackElo "2645"]
[Result "1-0"]
[Round "04"]
[TimeControl "180+1"]
[Date "2022.02.22"]
[WhiteClock "0:00:33"]
[BlackClock "0:00:01"]

1. d4 d6 2. c4 g6 3. Nc3 Bg7 4. e4 c5 5. d5 Bxc3+ 6. bxc3 e5 7. f4 Nd7 8. Nf3 f6 9. Be2 Qe7 10. O-O Kd8 11. fxe5 dxe5 12. d6 Qe6 13. a4 a5 14. Rb1 b6 15. Ng5 fxg5 16. Bg4 Qxc4 17. Bxg5+ Ke8 18. Rb2 h6 19. Rbf2 Rh7 20. Bh4 h5 21. Be2 Qe6 22. Bb5 Nf6 23. Rxf6 1-0


[Site "https://www.chess.com"]